 Dungeon Crawl Stone Soup version 0.27.1 (webtiles) character file.

Game seed: 432490829915228680

60 MacCMillion the Chiller (level 4, 0/30 HPs)
             Began as a Merfolk Ice Elementalist on Aug 20, 2021.
             Killed from afar by a white imp (7 damage)
             ... with a puff of frost
             ... on level 6 of the Dungeon on Aug 21, 2021.
             The game lasted 00:09:31 (2955 turns).

MacCMillion the Chiller (Merfolk Ice Elementalist)  Turns: 2955, Time: 00:09:32

Health: 0/30       AC:  2    Str:  8    XL:     4   Next: 6%
Magic:  7/7        EV: 12    Int: 15    God:
Gold:   67         SH:  0    Dex: 14    Spells: 3/7 levels left

rFire    . . .     SeeInvis .   a - +0 dagger (speed)
rCold    . . .     Faith    .   (no shield)
rNeg     . . .     Spirit   .   h - +0 robe
rPois    .         Reflect  .   (no helmet)
rElec    .         Harm     .   (no cloak)
rCorr    .         Rampage  .   (no gloves)
Will     +....                  (no boots)
Stlth    ++........             (no amulet)
HPRegen  0.10/turn              e - ring of willpower
MPRegen  0.10/turn              (no ring)

@: no status effects
A: (nimble swimmer 2), mertail
a: no special abilities


You were on level 6 of the Dungeon.
You visited 1 branch of the dungeon, and saw 4 of its levels.

You collected 67 gold pieces.

Inventory:

Hand Weapons
 a - a +0 dagger of speed (weapon)
Armour
 h - a +0 robe (worn)
Jewellery
 e - a ring of willpower (left hand)
 j - an amulet of faith
Scrolls
 b - a scroll of enchant weapon {unknown}
 c - a scroll of noise {unknown}
 d - 2 scrolls of magic mapping
 f - a scroll of summoning {unknown}
 g - a scroll of vulnerability {unknown}
Potions
 i - a potion of invisibility {unknown}


   Skills:
 + Level 0.3 Short Blades
 - Level 2.6 Dodging
 * Level 2.1 Stealth
 - Level 2.0 Spellcasting
 - Level 6.0 Ice Magic


You had 3 spell levels left.
You knew the following spells:

 Your Spells              Type           Power      Damage    Failure   Level
a - Freeze                Ice            76%        1d9       1%          1
b - Frozen Ramparts       Ice            38%        1d5       5%          3

Your spell library contained the following spells:

 Spells                   Type           Power      Damage    Failure   Level
 Ozocubu's Armour         Ice            19%        N/A       5%          3
 Foxfire                  Conj/Fire      4%         2x1d4     22%         1
 Passwall                 Tmut/Erth      0%         N/A       32%         2
 Conjure Flame            Conj/Fire      1%         6-21      54%         3
 Inner Flame              Hex/Fire       1%         N/A       54%         3
 Swiftness                Air            1%         N/A       54%         3
 Hailstorm                Conj/Ice       10%        3d5       54%         4
 Invisibility             Hex            0%         N/A       100%        6


Dungeon Overview and Level Annotations

Branches:
Dungeon (3/15)

Altars:


Innate Abilities, Weirdness & Mutations

((You are quick and stealthy near water. (Stealth+, EV+, Speed+++)))
Your lower body shifts to a powerful aquatic tail in water.


Message History

The white imp is heavily wounded.
You hit the white imp but do no damage.
The white imp is heavily wounded.
The white imp closely misses you.
You hit the white imp but do no damage.
The white imp is heavily wounded.
The white imp barely misses you.
You barely miss the white imp.
The white imp is heavily wounded.
You hit the white imp.
The white imp is heavily wounded.
The white imp misses you.
You hit the white imp.
The white imp is severely wounded.
The white imp gestures at you. The puff of frost hits you!
You are too injured to fight recklessly!
You are too injured to fight recklessly!
You are too injured to fight recklessly!
You are too injured to fight recklessly!
You closely miss the white imp.
The white imp is severely wounded.
You closely miss the white imp.
The white imp is severely wounded.
The white imp closely misses you.
You closely miss the white imp.
The white imp is severely wounded.
The white imp gestures at you. The puff of frost hits you.
* * * LOW HITPOINT WARNING * * *
You hit the white imp but do no damage.
The white imp is severely wounded.
You barely miss the white imp.
The white imp is severely wounded.
The white imp barely misses you.
You hit the white imp but do no damage.
The white imp is severely wounded.
The white imp gestures at you. The puff of frost hits you!
You die...

** *,*,,****,,*,,,,,,**
***,*,,,,,,,,*,***,,**
********##**,,,,,,,,,,,,,,,,*,,,,
,,,,,,,,..#*,*,,,,,*****,,,,,*,**
,,,,,,,,...#.####### *,*****,*
,,,,,,,,...........### *,,,,,,,*
,,,,,,,,.....#*#.....# *********
,,,,,,,,......##.#.#.#
,,,,,,,,.......#@#.#.#
,,,,,,,,.......5.#...#
,,,,,,,,.............#
,,,,,,,,....<...####.#
,,,,,,,,.............#
,,,,,,,,.............#
,,,,,,,,.............#
,,,,,,,,.............######
,,,,,,,,.............#....#


You could see a white imp.

Vanquished Creatures
  An adder (D:2)
  2 dart slugs (D:1)
  6 endoplasms
  6 giant cockroaches
  4 goblins
  A hobgoblin (D:1)
  2 kobolds (D:1)
  3 quokkas
  7 ball pythons
  6 bats
  A frilled lizard (D:1)
  6 rats
45 creatures vanquished.

Notes
Turn   | Place    | Note
-------+----------+-------------------------------------------
     0 | D:1      | MacCMillion the Merfolk Ice Elementalist began the quest
                  | for the Orb.
     0 | D:1      | Reached XP level 1. HP: 13/13 MP: 3/3
   426 | D:1      | Reached XP level 2. HP: 10/19 MP: 0/5
   715 | D:1      | Reached skill level 5 in Ice Magic
  1141 | D:1      | Reached XP level 3. HP: 20/24 MP: 4/6
  1252 | D:1      | Found a faded altar of an unknown god.
  1575 | D:2      | Learned a level 3 spell: Frozen Ramparts
  2032 | D:2      | Reached skill level 6 in Ice Magic
  2603 | D:3      | Reached XP level 4. HP: 28/30 MP: 4/7
  2885 | D:3      | You fall into a shaft and drop 3 floors!
  2955 | D:6      | Killed from afar by a white imp

Illustrated notes

Levels and vault maps discovered:
D:1:      dpeg_arrival_shelter, layout_rooms, ebering_ecumenical_altar_hall
D:2:      layout_basic
D:3:      minmay_angry_zag, layout_loops_ring, vehumet_altar_wand_db,
          minitemple, serial_shops, nicolae_square_shop, nicolae_square_shop,
          nicolae_shop_stone, shop_statue
D:6:      layout_basic

Skill      XL: |  1  2  3 |
---------------+----------+-----
Ice Magic      | 5 6 |  6.0
Short Blades   | |  0.3
Dodging        | |  2.6
Stealth        | |  2.1
Spellcasting   | |  2.0

Action                   |  1- 3 |  4- 6 || total
-------------------------+-------+-------++-------
Melee: Dagger            |    38 |    35 ||    73
 Cast: Freeze            |    58 |     4 ||    62
       Frozen Ramparts   |     1 |       ||     1
  Use: Scroll            |       |     1 ||     1
 Stab: Sleeping          |     1 |       ||     1
Armor: Robe              |    13 |     6 ||    19
Dodge: Dodged            |    44 |    24 ||    68
